 Dungeon Crawl Stone Soup version 0.28-a0-794-gafe8c5f9e9 (webtiles) character file.

Game seed: 3465727959254944321

5883 siradein the Fighter (level 10, -10/86 HPs)
             Began as a Demonspawn Berserker on Nov 5, 2021.
             Was a Priest of Trog.
             Mangled by a centaur (11 damage)
             ... on level 8 of the Dungeon.
             The game lasted 00:27:30 (6612 turns).

siradein the Fighter (Demonspawn Berserker)         Turns: 6612, Time: 00:27:30

Health: -10/86     AC: 12    Str: 21    XL:     10   Next: 52%
Magic:  10/10      EV: 16    Int:  8    God:    Trog [***...]
Gold:   294        SH:  0    Dex: 19    Spells: 9/9 levels left

rFire   + . .      SeeInvis .   w - +0 halberd
rCold   + . .      Faith    .   (shield currently unavailable)
rNeg    . . .      Spirit   .   u - +0 acid dragon scales
rPois   +          Reflect  .   C - +0 helmet
rElec   .          Harm     .   q - scarf {rC+ rF+}
rCorr   +          Rampage  .   (no gloves)
Will    .....                   A - +0 pair of boots
Stlth   +.........              (no amulet)
HPRegen 0.24/turn               t - ring of poison resistance
MPRegen 0.12/turn               e - +6 ring of dexterity

@: no status effects
A: hooves 1, rugged brown scales 2, demonic guardian 1, ignite blood 2
a: Renounce Religion, Berserk, Trog's Hand


You were on level 8 of the Dungeon.
You worshipped Trog.
Trog was most pleased with you.
You visited 1 branch of the dungeon, and saw 8 of its levels.

You collected 294 gold pieces.

Inventory:

Hand Weapons
 w - a +0 halberd (weapon)
Missiles
 b - 19 poisoned darts
 h - 2 boomerangs of dispersal
 n - 3 boomerangs (quivered)
 B - 6 javelins
Armour
 q - a scarf of resistance (worn)
 u - +0 acid dragon scales (worn)
 A - a +0 pair of boots (worn)
 C - a +0 helmet (worn)
Jewellery
 e - a +6 ring of dexterity (right hand)
 t - a ring of poison resistance (left hand)
 x - a +6 ring of intelligence
Wands
 c - a wand of polymorph (19)
Scrolls
 a - a scroll of magic mapping {unknown}
 f - a scroll of immolation
 g - 2 scrolls of teleportation
 k - 2 scrolls of enchant weapon
 l - a scroll of enchant armour
 m - 4 scrolls of vulnerability {unknown}
 o - 2 scrolls of amnesia {unknown}
 y - a scroll of brand weapon {unknown}
Potions
 d - 2 potions of brilliance {unknown}
 i - 5 potions of heal wounds {unknown}
 j - 4 potions of curing
 p - 2 potions of might
 r - 4 potions of lignification {unknown}
 s - 2 potions of haste {unknown}
 z - a potion of cancellation {unknown}


   Skills:
 + Level 8.6 Fighting
 + Level 7.8 Polearms
 + Level 7.5 Armour
 + Level 7.5 Dodging


You had 9 spell levels left.
You didn't know any spells.
Your spell library was empty.

Dungeon Overview and Level Annotations

Branches:
Dungeon (8/15)             Temple (0/1) D:6
   Lair: D:8-11

Altars:
Dithmenos
Fedhas
Nemelex Xobeh
Ru
Trog
Vehumet

Shops:
D:6 *

Annotations:
D:7 2 transporters, Twinkles's ghost, novice SpEn


Innate Abilities, Weirdness & Mutations

You have large cloven feet.
You are mostly covered in rugged brown scales. (AC +2, +5% HP)
A weak demonic guardian rushes to your aid.
Your demonic aura often causes spilled blood to erupt in flames.


Message History

Your iron imp disappears in a puff of smoke!
The troll shouts!
The troll barely misses you. The troll claws you!
* * * LOW HITPOINT WARNING * * *
A demonic guardian appears!
The troll claws you but does no damage.
You feel yourself speed up.
Your white imp hits the troll.
Your white imp freezes the troll.
The troll barely misses your white imp. The troll claws your white imp!
The troll claws your white imp.
Your white imp dies!
Your white imp disappears in a puff of smoke!
Found a stone staircase leading down.
You feel the effects of Trog's Hand fading.
You see here a +0 flail.
Your skin stops crawling.
You feel less strong-willed.
You recover from your berserk rage.
A centaur comes into view.
It is wielding a +1 long sword of holy wrath.
The centaur shouts!
The centaur unwields a +1 long sword of holy wrath.
It stops glowing.
The centaur wields a +0 shortbow.
The centaur shoots an arrow.
The arrow completely misses you.
The centaur shoots an arrow.
The arrow misses you.
The centaur shoots an arrow.
The arrow hits you!
* * * LOW HITPOINT WARNING * * *
A demonic guardian appears!
The centaur shoots an arrow.
The arrow hits you.
* * * LOW HITPOINT WARNING * * *
The centaur shoots an arrow.
The arrow closely misses you.
You swap places.
The centaur unwields a +0 shortbow.
The centaur wields a +1 long sword of holy wrath.
It softly glows with a divine radiance!
The centaur completely misses you.
The centaur kicks you but does no damage.
The troll barely misses your rust devil.
The troll claws your rust devil.
The troll claws your rust devil but does no damage.
Your rust devil hits the troll!
Your rust devil corrodes the troll!
The centaur hits you with a +1 long sword of holy wrath!
* * * LOW HITPOINT WARNING * * *
You convulse!
You die...

...# #.....###....##....### ##
#.....#####..........## .
##...#..# ##..........#
..####...###.## ##.......#..
<........# ##.####...........
...#.....# #....).##........ .
##..<.####....####....#### ..
#.....T..c..## #...###
....#####....○4.@..# ##....####
...................###........#
#...###'####.......##..........
#8...#..8#...#..............
#...#....#.####......#.)......
#....#...#...##..##...........
+.#.#.#.##......####..........
##.#(#.#.'........#...........
#...#....#............#.......


You could see a troll (corroded, ally target), a centaur and a friendly rust
devil (summoned).

Vanquished Creatures
  2 centaur warriors (D:8)
  A two-headed ogre (D:8)
  A manticore (D:8)
  2 hornets
  Sigmund (D:3)
  Edmund (D:4)
  An acid dragon (D:4)
  2 water moccasins
  A black bear (D:6)
  3 necrophages
  4 centaurs
  A phantom (D:6)
  A bullfrog (D:7)
  A gnoll sergeant (D:4)
  3 scorpions
  A killer bee (D:8)
  3 howler monkeys
  A bullfrog zombie (D:7)
  2 centaur zombies
  5 hounds
  A jelly (D:6)
  4 iguanas
  An orc wizard (D:6)
  A hound skeleton (D:4)
  4 gnolls (D:4)
  A howler monkey skeleton (D:7)
  7 adders
  A shadow imp (D:6)
  3 ufetubi
  A worm (D:3)
  2 dart slugs
  15 orcs
  5 ball pythons
  2 bats (D:2)
  8 endoplasms
  4 giant cockroaches
  9 goblins
  7 hobgoblins
  4 jackals
  5 kobolds
  A quokka (D:4)
  14 frilled lizards
  A quokka skeleton (D:4)
  5 rats
143 creatures vanquished.

Vanquished Creatures (collateral kills)
  Harold (D:7)
  A necrophage (D:2)
  2 centaurs (D:7)
  Jessica (D:3)
  An orc (D:4)
6 creatures vanquished.

Vanquished Creatures (others)
  A plant (D:6)
1 creature vanquished.

Grand Total: 150 creatures vanquished

Notes
Turn   | Place    | Note
-------+----------+-------------------------------------------
     0 | D:1      | siradein the Demonspawn Berserker began the quest for the
                  | Orb.
     0 | D:1      | Reached XP level 1. HP: 18/18 MP: 1/1
   202 | D:1      | Gained mutation: Your demonic aura sometimes causes spilled
                  | blood to erupt in flames. [demonic ancestry]
   202 | D:1      | Reached XP level 2. HP: 24/24 MP: 2/2
   304 | D:1      | Found a faded altar of an unknown god.
   495 | D:1      | Reached ** piety under Trog
   880 | D:2      | Gained mutation: A weak demonic guardian rushes to your
                  | aid. [demonic ancestry]
   880 | D:2      | Reached XP level 3. HP: 29/29 MP: 3/3
   996 | D:2      | Noticed a necrophage
  1007 | D:2      | Killed a necrophage
  1008 | D:2      | Gained mutation: You are partially covered in rugged brown
                  | scales. (AC +1, +3% HP) [demonic ancestry]
  1008 | D:2      | Reached XP level 4. HP: 22/38 MP: 4/4
  1197 | D:2      | Gained mutation: You are mostly covered in rugged brown
                  | scales. (AC +2, +5% HP) [demonic ancestry]
  1197 | D:2      | Reached XP level 5. HP: 38/44 MP: 5/5
  1958 | D:3      | Noticed Sigmund
  1958 | D:3      | Noticed a centaur
  1967 | D:3      | Killed Sigmund
  1968 | D:3      | Reached skill level 4 in Fighting
  1968 | D:3      | Reached XP level 6. HP: 51/51 MP: 6/6
  2242 | D:3      | Noticed Jessica
  2246 | D:3      | Killed Jessica
  2695 | D:4      | Noticed an acid dragon
  2711 | D:4      | Killed an acid dragon
  2712 | D:4      | Reached XP level 7. HP: 43/57 MP: 7/7
  3009 | D:4      | Noticed Edmund
  3017 | D:4      | Reached *** piety under Trog
  3037 | D:4      | Killed Edmund
  3038 | D:4      | Reached skill level 5 in Fighting
  3620 | D:5      | Entered Level 5 of the Dungeon
  3825 | D:5      | Reached skill level 5 in Polearms
  4268 | D:5      | Reached XP level 8. HP: 32/66 MP: 8/8
  4552 | D:6      | Reached skill level 6 in Fighting
  4553 | D:6      | Reached skill level 5 in Armour
  4554 | D:6      | Reached skill level 5 in Dodging
  4706 | D:6      | Found a staircase to the Ecumenical Temple.
  4956 | D:6      | Noticed a hornet
  4990 | D:6      | Killed a hornet
  4991 | D:6      | Gained mutation: You have large cloven feet. [demonic
                  | ancestry]
  4991 | D:6      | Reached XP level 9. HP: 74/74 MP: 9/9
  5003 | D:6      | Found Qizxenam's Assorted Antiques.
  5084 | D:6      | Reached **** piety under Trog
  5220 | D:7      | You fall into a shaft and drop 1 floor!
  5283 | D:7      | Found a sparkling altar of Nemelex Xobeh.
  5285 | D:7      | Found a blossoming altar of Fedhas.
  5285 | D:7      | Found a bloodstained altar of Trog.
  5285 | D:7      | Found a sacrificial altar of Ru.
  5298 | D:7      | Reached skill level 7 in Fighting
  5349 | D:7      | Found a shadowy altar of Dithmenos.
  5534 | D:7      | Noticed Twinkles's ghost (novice SpEn)
  5537 | D:7      | Found a transporter.
  5542 | D:7      | Found a transporter.
  5681 | D:7      | Identified the ring "Gilekera" {Fly Dex+6}
  5681 | D:7      | Noticed a kobold demonologist
  5704 | D:7      | Found a radiant altar of Vehumet.
  5739 | D:7      | Noticed Harold
  5754 | D:7      | Killed Harold
  6128 | D:8      | Noticed a two-headed ogre
  6134 | D:8      | Killed a two-headed ogre
  6135 | D:8      | Gained mutation: Your demonic aura often causes spilled
                  | blood to erupt in flames. [demonic ancestry]
  6135 | D:8      | Reached XP level 10. HP: 84/84 MP: 10/10
  6325 | D:8      | Reached skill level 8 in Fighting
  6343 | D:8      | Noticed a centaur warrior
  6350 | D:8      | Killed a centaur warrior
  6350 | D:8      | Noticed a manticore
  6367 | D:8      | Killed a manticore
  6542 | D:8      | Noticed a centaur warrior
  6558 | D:8      | Killed a centaur warrior
  6572 | D:8      | HP: 4/86 [troll (9)]
  6577 | D:8      | HP: 4/86 [troll (3)]
  6578 | D:8      | HP: 1/86 [troll (1)]
  6612 | D:8      | HP: 1/86 [centaur (8)]
  6612 | D:8      | Mangled by a centaur

Illustrated notes

Levels and vault maps discovered:
D:1:      shiori_arrival_oz, layout_loops_ring,
          shapermc_ecumenical_altar_mp_highgroup, minmay_lizard_pond
D:2:      minmay_evil_eye, layout_loops_ring
D:3:      layout_basic, grunt_ministairs_7, uniq_jessica, uniq_sigmund
D:4:      minmay_recursive_quarters, layout_basic, lightli_minifort, uniq_edmund
D:5:      layout_basic, kennysheep_diamond, serial_bayou_pond_a
D:6:      cheibrodos_helix_gallery, layout_rooms,
          minmay_temple_entry_gardened_gates, serial_shops, shop,
          ebering_dispersal_statue_hall
D:7:      layout_rooms, grunt_temple_overflow_open,
          nicolae_overflow_crystal_walls, nzn_ghost_randoct, uniq_harold
D:8:      minmay_the_grid_triangle_9x9_recursive_2
          [minmay_the_grid_triangle_9x9_prize_schism,
          minmay_the_grid_triangle_9x9_descending_squares,
          minmay_the_grid_triangle_9x9_checkered,
          minmay_the_grid_triangle_9x9_thin_v], layout_layer_cave,
          minmay_misc_feat_hallway, minivault_1, grunt_potential

Skill      XL: |  1  2  3  4  5  6  7  8  9 10 |
---------------+-------------------------------+-----
Armour         | 2 3 4 5 6 7 |  7.5
Dodging        | 2 3 4 5 6 7 |  7.5
Polearms       | 3 4 5 6 7 |  7.8
Fighting       | 4 5 6 7 8 |  8.6

Action                   |  1- 3 |  4- 6 |  7- 9 | 10-12 || total
-------------------------+-------+-------+-------+-------++-------
Melee: Spear             |   108 |   123 |    79 |       ||   310
       Halberd           |       |       |   221 |    39 ||   260
Invok: Berserk           |     1 |     2 |     4 |     2 ||     9
       Trog's Hand       |       |     2 |     3 |     2 ||     7
       Brothers in Arms  |       |       |     1 |       ||     1
  Use: Scroll            |       |     3 |     3 |       ||     6
 Stab: Sleeping          |       |       |     2 |       ||     2
Armor: Chain mail        |    38 |    48 |       |       ||    86
       Acid dragon scale |       |       |   122 |    22 ||   144
Dodge: Dodged            |    25 |    46 |   223 |    56 ||   350

Table legend: (Time is in decaauts)
 A = Elapsed time spent in this place.
 B = Non-inter-level travel time spent in this place.
 C = Inter-level travel time spent in this place.
 D = Time resting spent in this place.
 E = Time spent auto-exploring this place.
 F = Levels seen in this place.
 G = Mean time per level.
                   A        B        C        D        E       F      G
               +--------+--------+--------+--------+--------+-----+--------+
         Total |   6721 |   6564 |    157 |    201 |   5053 |   8 |  840.1 |
       Dungeon |   6721 |   6564 |    157 |    201 |   5053 |   8 |  840.1 |
               +--------+--------+--------+--------+--------+-----+--------+

Top non-repeatable levels by time:
     D:4: 1161 daAuts
     D:2: 1050 daAuts
     D:7: 915 daAuts
     D:1: 866 daAuts
     D:6: 829 daAuts
     D:5: 778 daAuts
     D:8: 564 daAuts
     D:3: 554 daAuts
